 Dungeon Crawl Stone Soup version 0.26-a0-1033-gd598b01645 (webtiles) character file.

Game seed: 12106348498396563572

4090 PentaManta the Slinger (level 10, -4/84 HPs)
             Began as a Minotaur Hunter on Dec 10, 2020.
             Was a Believer of Okawaru.
             Slain by an orc warrior
             ... wielding a +0 long sword
              (16 damage)
             ... on level 7 of the Dungeon.
             The game lasted 00:19:53 (8932 turns).

PentaManta the Slinger (Minotaur Hunter)            Turns: 8932, Time: 00:19:54

Health: -4/84      AC:  9    Str: 20    XL:     10   Next: 5%
Magic:  9/9        EV: 12    Int:  8    God:    Okawaru [**....]
Gold:   304        SH:  0    Dex: 11    Spells: 9/9 levels left

rFire    + . .     SeeInvis +   i - +11 hand crossbow of Suciomumo {speed, rF+ SInv}
rCold    . . .     Faith    .   (no shield)
rNeg     . . .     Spirit   .   y - +0 scale mail
rPois    .         Reflect  .   (helmet restricted)
rElec    .         Harm     .   x - +1 cloak
rCorr    .         Rampage  .   (no gloves)
Will     .....                  (no boots)
Stlth    ..........             (no amulet)
HPRegen  0.24/turn              g - ring of see invisible
MPRegen  0.11/turn              (no ring)

@: no status effects
A: retaliatory headbutt, horns 2
a: Heroism, Renounce Religion


You were on level 7 of the Dungeon.
You worshipped Okawaru.
Okawaru was pleased with you.
You visited 2 branches of the dungeon, and saw 9 of its levels.

You collected 304 gold pieces.

Inventory:

Hand Weapons
 a - a +1 hunting sling
 i - the +11 hand crossbow of Suciomumo (weapon) {speed, rF+ SInv}
   (You found it on level 6 of the Dungeon)

   Attacks with this weapon are significantly faster.
   It protects you from fire.
   It lets you see invisible.
Missiles
 d - 66 sling bullets
 e - 59 stones
 o - 6 bolts (quivered ammo)
 q - 19 poisoned darts
 w - 5 curare-tipped darts
Armour
 m - a +0 chain mail
 x - a +1 cloak (worn)
 y - a +0 scale mail (worn)
 z - a +0 buckler
Jewellery
 g - a ring of see invisible (left hand)
Wands
 t - a wand of acid (9)
Scrolls
 h - 2 scrolls of magic mapping
 j - a scroll of remove curse
 l - 4 scrolls of teleportation
 A - a scroll of amnesia
 C - a scroll of identify
Potions
 c - a potion of lignification {unknown}
 f - a potion of brilliance
 k - a potion of haste
 n - a potion of magic
 p - a potion of ambrosia
 r - 2 potions of cancellation {unknown}
 s - a potion of might
 u - a potion of mutation
 v - a potion of resistance


   Skills:
 + Level 6.8 Fighting
 - Level 12.0 Slings
 + Level 4.5 Crossbows
 + Level 6.1 Armour
 + Level 6.1 Dodging
 - Level 0.7 Stealth


You had 9 spell levels left.
You didn't know any spells.
Your spell library was empty.

Dungeon Overview and Level Annotations

Branches:
Dungeon (8/15)             Temple (1/1) D:6
   Lair: D:8-11

Altars:
Ashenzari
Cheibriados
Dithmenos
Elyvilon
Fedhas
Gozag
Hepliaklqana
Kikubaaqudgha
Makhleb
Nemelex Xobeh
Okawaru
Qazlal
Ru
Sif Muna
Trog
Uskayaw
Vehumet
Wu Jian
Xom
Yredelemnul
Zin
The Shining One

Shops:
D:6 =

Annotations:
D:8 Joseph


Innate Abilities, Weirdness & Mutations

You reflexively headbutt those who attack you in melee.
You have a pair of horns on your head.


Message History

Fire: 9 bolts
Press: ? - help, Q - select action, (/) - cycle Shift-Dir - straight line, f/p - orc warrior
Aim: an orc warrior, wielding a +0 long sword and wearing a +0 plate armour (severely wounded)
You shoot a bolt.
The bolt hits the orc warrior but does no damage.
The orc warrior is severely wounded.
The orc warrior hits you with a +0 long sword.
* * * LOW HITPOINT WARNING * * *
Fire: 8 bolts
Press: ? - help, Q - select action, (/) - cycle Shift-Dir - straight line, f/p - orc warrior
Aim: an orc warrior, wielding a +0 long sword and wearing a +0 plate armour (severely wounded)
You shoot a bolt.
The bolt closely misses the orc warrior.
Fire: 7 bolts
Press: ? - help, Q - select action, (/) - cycle Shift-Dir - straight line, f/p - orc warrior
Aim: an orc warrior, wielding a +0 long sword and wearing a +0 plate armour (severely wounded)
You shoot a bolt. The bolt hits the orc warrior.
The orc warrior is almost dead.
The orc warrior hits you with a +0 long sword!
You die...

### ..###########
#..>........####### ######
########.....(....# ##....#
#........<.#######..#..###
#.......o..........##.....
##........@.#####..........
###...........####..###......
#####..........).......###.(..)..
..................##.........####
####.###.............######[##
.........########..### #)#
..##############.[## #.# #.#
###.......## #<#
#.#######..........## #.#


You could see an orc warrior.

Vanquished Creatures
  Pikel (D:7)
  Eustachio (D:5)
  Edmund (D:5)
  2 ice beasts (D:7)
  2 orc warriors
  2 water moccasins (D:5)
  5 ogres
  2 phantoms
  A sky beast (D:6)
  3 centaurs
  A lemure (D:7)
  2 bullfrogs
  A scorpion (D:7)
  10 killer bees
  A howler monkey (D:6)
  2 centaur skeletons (D:5)
  9 orc priests
  4 hounds
  7 orc wizards
  An iguana (D:5)
  Ijyb (D:4)
  6 worker ants
  A killer bee zombie (D:6)
  3 hound skeletons
  A worker ant zombie (D:5)
  8 adders
  3 gnolls (D:7)
  2 shadow imps
  2 white imps (D:6)
  2 ufetubi
  An adder zombie (D:5)
  4 worms
  2 dart slugs
  4 leopard geckos
  49 orcs
  4 bats
  4 giant cockroaches
  7 goblins
  11 hobgoblins
  3 jackals (D:5)
  5 kobolds
  4 quokkas
  A ball python (D:1)
  6 frilled lizards
  A quokka skeleton (D:5)
  A rat (D:2)
194 creatures vanquished.

Notes
Turn   | Place    | Note
-------+----------+-------------------------------------------
     0 | D:1      | PentaManta the Minotaur Hunter began the quest for the Orb.
     0 | D:1      | Reached XP level 1. HP: 18/18 MP: 0/0
   176 | D:1      | Reached XP level 2. HP: 25/25 MP: 1/1
   201 | D:1      | Reached skill level 5 in Slings
   793 | D:2      | Reached XP level 3. HP: 29/30 MP: 2/2
   977 | D:2      | Reached skill level 6 in Slings
  1178 | D:2      | Found a white marble altar of Elyvilon.
  1223 | D:2      | Reached XP level 4. HP: 37/37 MP: 3/3
  1813 | D:3      | Found a shadowy altar of Dithmenos.
  1897 | D:3      | Reached skill level 7 in Slings
  1897 | D:3      | Reached XP level 5. HP: 29/42 MP: 4/4
  2364 | D:3      | Found a sparkling altar of Nemelex Xobeh.
  2364 | D:3      | Found a glowing silver altar of Zin.
  2526 | D:4      | Reached skill level 8 in Slings
  2526 | D:4      | Reached XP level 6. HP: 38/50 MP: 5/5
  2622 | D:4      | Noticed Ijyb
  2633 | D:4      | Killed Ijyb
  3313 | D:4      | Reached skill level 9 in Slings
  3399 | D:4      | Found a shimmering altar of Xom.
  3456 | D:4      | Reached XP level 7. HP: 56/56 MP: 6/6
  3843 | D:5      | Entered Level 5 of the Dungeon
  4262 | D:5      | Noticed Edmund
  4290 | D:5      | Killed Edmund
  4296 | D:5      | Reached skill level 10 in Slings
  4862 | D:5      | Reached skill level 11 in Slings
  4862 | D:5      | Reached XP level 8. HP: 35/62 MP: 7/7
  5319 | D:5      | Noticed Eustachio
  5361 | D:5      | Killed Eustachio
  5574 | D:6      | Found Saedasm's Jewellery Boutique.
  5706 | D:6      | Reached skill level 12 in Slings
  5720 | D:6      | Reached skill level 1 in Armour
  5806 | D:6      | Found a staircase to the Ecumenical Temple.
  5950 | Temple   | Entered the Ecumenical Temple
  6172 | Temple   | Became a worshipper of Warmaster Okawaru
  6597 | D:6      | Reached XP level 9. HP: 70/72 MP: 8/8
  6604 | D:6      | Got an encrusted hand crossbow
  6605 | D:6      | Identified the +11 hand crossbow of Suciomumo {speed, rF+
                  | SInv} (You found it on level 6 of the Dungeon)
  7127 | D:7      | Reached skill level 1 in Crossbows
  7220 | D:7      | Reached * piety under Okawaru
  7436 | D:7      | Reached skill level 5 in Fighting
  7903 | D:7      | Reached skill level 5 in Dodging
  8058 | D:7      | Noticed Pikel
  8097 | D:7      | Killed Pikel
  8097 | D:7      | Reached ** piety under Okawaru
  8098 | D:7      | Reached skill level 5 in Armour
  8855 | D:8      | Noticed Joseph
  8906 | D:8      | Reached XP level 10. HP: 77/84 MP: 9/9
  8932 | D:7      | Slain by an orc warrior

Illustrated notes

Levels and vault maps discovered:
D:1:      onia_arrival_pyramid, layout_loops_ring, minmay_heptomino_o4
D:2:      layout_rooms, st_stairs_4, elyvilon_altar_1
D:3:      layout_rooms, nicolae_overflow_hidden_temple,
          chequers_temple_overflow_statue_of_worship
D:4:      cheibrodos_helix_gallery, layout_cave_pools, marbit_many_paths,
          kennysheep_generic_room_15, uniq_ijyb
D:5:      layout_basic, uniq_eustachio, uniq_edmund
D:6:      layout_cave_pools, minmay_temple_entry_overgrown, serial_shops, shop
D:7:      layout_rooms, uniq_pikel
D:8:      layout_rooms, special_room [special_room_orc],
          hangedman_decor_growths, uniq_joseph
Temple:   dpeg_five_rooms_temple

Skill      XL: |  1  2  3  4  5  6  7  8  9 |
---------------+----------------------------+-----
Slings         | 5 6 7 8 9 11 12 | 12.0
Armour         | 3 6 |  6.1
Fighting       | 4 6 |  6.8
Dodging        | 3 6 |  6.1
Crossbows      | 4 |  4.5
Stealth        | |  0.7

Action                   |  1- 3 |  4- 6 |  7- 9 | 10-12 || total
-------------------------+-------+-------+-------+-------++-------
 Fire: Hunting sling     |   104 |   262 |   630 |       ||   996
       Hand crossbow     |       |       |     7 |    24 ||    31
Throw: Dart              |       |       |     5 |       ||     5
       Stone             |       |       |     1 |       ||     1
  Use: Scroll            |       |       |    15 |       ||    15
Armor: Leather armour    |     9 |    14 |     2 |       ||    25
       Scale mail        |       |       |   125 |     2 ||   127
Dodge: Dodged            |    21 |    57 |   169 |     3 ||   250

Table legend: (Time is in decaauts)
 A = Elapsed time spent in this place.
 B = Non-inter-level travel time spent in this place.
 C = Inter-level travel time spent in this place.
 D = Time resting spent in this place.
 E = Time spent auto-exploring this place.
 F = Levels seen in this place.
 G = Mean time per level.
                   A        B        C        D        E       F      G
               +--------+--------+--------+--------+--------+-----+--------+
         Total |   8642 |   8182 |    460 |    305 |   6563 |   9 |  960.2 |
       Dungeon |   8362 |   7953 |    409 |    305 |   6347 |   8 | 1045.2 |
        Temple |    279 |    228 |     51 |      0 |    216 |   1 |  279.0 |
               +--------+--------+--------+--------+--------+-----+--------+

Top non-repeatable levels by time:
     D:5: 1680 daAuts
     D:4: 1360 daAuts
     D:6: 1259 daAuts
     D:3: 1041 daAuts
     D:7: 989 daAuts
     D:1: 863 daAuts
     D:2: 694 daAuts
     D:8: 473 daAuts
  Temple: 279 daAuts
